[Event "42nd Olympiad Baku 2016 Women"]
[Site "Baku"]
[Date "2016.09.04"]
[Round "3.21"]
[White "Calzetta Ruiz, Monica"]
[Black "Vovk, Oksana"]
[Result "1-0"]
[ECO "C00"]
[WhiteElo "2249"]
[BlackElo "2204"]
[Annotator ""]
[PlyCount "55"]
[EventDate "2016.??.??"]
[EventCountry "AZE"]
[SourceTitle "playchess.com"]
[Source "ChessBase"]
[WhiteTeam "Spain"]
[BlackTeam "Denmark"]
[WhiteTeamCountry "ESP"]
[BlackTeamCountry "DEN"]
[TimeControl "40/5400+30:1800+30"]

1. e4 e6 2. d4 d5 3. Bd3 dxe4 {(00:29)} 4. Bxe4 {(00:00)} Nf6 {
(00:12)} 5. Bf3 {(00:01)} c5 {(01:18)} 6. Ne2 {(00:
21)} Nc6 {(00:21)} 7. Be3 {(00:13)} cxd4 8. Nxd4 {(00:11)}
Ne5 {(01:57)} 9. Nc3 {(00:12)} Be7 {(06:56)} 10. Qe2 {
(01:17)} Nxf3+ {(01:07)} 11. Qxf3 {(00:10)} a6 {(
08:21)} 12. O-O-O {(00:45)} Qc7 {(03:52)} 13. Rhe1 {(02:
06)} O-O {(03:24)} 14. Bf4 {(03:02)} Qa5 {(08:10)} 15. Re5
{(10:45)} Qb4 {(01:31)} 16. Nf5 {(22:38)} exf5 {(
05:14)} 17. a3 {(00:42)} Qc4 {(01:27)} 18. Rxe7 {(00:09)}
Qc6 {(06:03)} 19. Qxc6 {(26:14)} bxc6 {(00:52)} 20. Rc7 {
(04:32)} Nd5 {(10:34)} 21. Nxd5 {(00:52)} cxd5 {(
00:08)} 22. Rxd5 {(00:50)} Be6 {(01:28)} 23. Rd6 {(01:28)}
Rfd8 {(06:35)} 24. Ra7 {(05:43)} Bc4 {(01:11)} 25. b3 {
(00:44)} Bb5 {(05:05)} 26. c4 {(00:32)} Bc6 {(00:
33)} 27. Rxa8 {(00:16)} Bxa8 {(00:04)} 28. Rxd8# 1-0

[Event "42nd Olympiad Baku 2016 Women"]
[Site "Baku"]
[Date "2016.09.04"]
[Round "3.26"]
[White "Camp, Imogen A L"]
[Black "Boshra, Alshaeby"]
[Result "0-1"]
[ECO "A43"]
[WhiteElo "1718"]
[BlackElo "1983"]
[Annotator ""]
[PlyCount "50"]
[EventDate "2016.??.??"]
[EventCountry "AZE"]
[SourceTitle "playchess.com"]
[Source "ChessBase"]
[WhiteTeam "Wales"]
[BlackTeam "Jordan"]
[WhiteTeamCountry "WLS"]
[BlackTeamCountry "JOR"]
[TimeControl "40/5400+30:1800+30"]

1. d4 {(00:00)} c5 {(00:00)} 2. e3 {(00:00)} Nf6 {(
00:00)} 3. Nf3 {(00:00)} g6 {(00:19)} 4. dxc5 {(00:04)}
Qa5+ {(01:31)} 5. Nbd2 {(00:19)} Bg7 {(02:17)} 6. a3 {
(00:12)} Qxc5 {(00:07)} 7. b4 {(00:20)} Qc7 {(01:
39)} 8. Bb2 {(00:07)} O-O {(00:06)} 9. c4 {(00:45)} b6 {
(00:41)} 10. Be2 {(02:18)} Bb7 {(00:04)} 11. O-O {(
01:13)} d6 {(04:37)} 12. Qb3 {(04:28)} Nbd7 {(04:21)} 13.
Nd4 {(07:53)} Rac8 {(02:32)} 14. Rac1 {(06:20)} Rfd8 {
(04:25)} 15. Bf3 {(05:58)} Ne5 {(03:11)} 16. Bxb7 {
(11:37)} Qxb7 {(00:15)} 17. N2f3 {(09:17)} Ne4 {(
04:50)} 18. Rfd1 {(10:04)} Ng4 {(02:21)} 19. Rc2 {(03:19)}
d5 {(05:09)} 20. Rf1 {(09:07)} e5 {(12:00)} 21. Ne2 {
(03:47)} dxc4 {(07:21)} 22. Rxc4 {(00:43)} Rxc4 {(
00:22)} 23. Qxc4 {(00:07)} Nexf2 {(03:49)} 24. Nxe5 {(17:
31)} Bxe5 {(03:28)} 25. Bxe5 {(01:06)} Nxe3 {(00:31)} 0-1

[Event "42nd Olympiad Baku 2016 Women"]
[Site "Baku"]
[Date "2016.09.04"]
[Round "3.31"]
[White "Castro, Neusa Aridas De"]
[Black "Ashley, Christiana Naa Merl"]
[Result "1-0"]
[ECO "C42"]
[WhiteElo "1476"]
[BlackElo "1390"]
[Annotator ""]
[PlyCount "53"]
[EventDate "2016.??.??"]
[EventCountry "AZE"]
[SourceTitle "playchess.com"]
[Source "ChessBase"]
[WhiteTeam "Mozambique"]
[BlackTeam "Ghana"]
[WhiteTeamCountry "MOZ"]
[BlackTeamCountry "GHA"]
[TimeControl "40/5400+30:1800+30"]

1. e4 {(00:00)} e5 {(00:00)} 2. Nf3 {(00:00)} Nf6 {
(00:00)} 3. d3 {(00:12)} Nc6 {(00:50)} 4. Be2 {(00:
08)} Bc5 {(00:22)} 5. O-O {(00:10)} O-O {(00:14)} 6. Nc3 {
(00:11)} d6 {(00:44)} 7. Bg5 {(00:22)} h6 {(00:19)}
8. Bh4 {(00:54)} Nd4 {(01:27)} 9. Nd5 {(00:48)} Nxe2+ {
(11:51)} 10. Qxe2 {(00:13)} g5 {(01:08)} 11. Nxf6+ {
(00:57)} Qxf6 {(00:44)} 12. Bg3 {(00:11)} Bg4 {(00:
28)} 13. h4 {(02:15)} Bxf3 {(02:32)} 14. Qxf3 {(00:08)}
Qxf3 {(00:22)} 15. gxf3 {(00:18)} f6 {(00:37)} 16. Kg2 {
(00:47)} f5 {(00:54)} 17. hxg5 {(02:44)} f4 {(00:
52)} 18. Bh4 {(01:29)} Kh7 {(01:24)} 19. gxh6 {(00:52)}
Rg8+ {(00:30)} 20. Kh3 {(00:57)} Kxh6 {(00:10)} 21. Rg1 {
(01:06)} Rg6 {(00:25)} 22. Rg4 {(00:32)} Rag8 {(00:
23)} 23. Rag1 {(00:08)} Kh5 {(00:24)} 24. b3 {(05:23)} a5
{(01:40)} 25. R1g2 {(00:43)} b5 {(00:14)} 26. Be7 {
(00:16)} R8g7 {(00:57)} 27. Rh4# {(02:12)} 1-0

[Event "42nd Olympiad Baku 2016 Women"]
[Site "Baku"]
[Date "2016.09.04"]
[Round "3.25"]
[White "Caxita, Esperanca"]
[Black "Msukwa Tupokiwe"]
[Result "1-0"]
[ECO "B54"]
[WhiteElo "1871"]
[BlackElo "1232"]
[Annotator ""]
[PlyCount "37"]
[EventDate "2016.??.??"]
[EventCountry "AZE"]
[SourceTitle "playchess.com"]
[Source "ChessBase"]
[WhiteTeam "Angola"]
[BlackTeam "MAW"]
[WhiteTeamCountry "ANG"]
[TimeControl "40/5400+30:1800+30"]

1. e4 {(00:00)} c5 {(00:00)} 2. Nf3 {(00:00)} d6 {(
00:00)} 3. d4 {(00:00)} cxd4 {(00:00)} 4. Nxd4 {(00:00)}
Qb6 {(02:36)} 5. Nc3 {(01:08)} a6 {(00:43)} 6. Bc4 {
(01:04)} e6 {(01:50)} 7. Bb3 {(01:27)} Nc6 {(01:17]
} 8. Be3 {(00:46)} Qc7 {(00:10)} 9. Qd2 {(00:50)} Be7 {
(04:46)} 10. f4 {(01:30)} Bd7 {(06:00)} 11. O-O-O {
(00:29)} Nxd4 {(05:23)} 12. Bxd4 {(00:35)} f6 {(02:
42)} 13. e5 {(01:58)} d5 {(08:12)} 14. Qe3 {(05:01)} O-O-O
{(02:23)} 15. Bb6 {(00:46)} Bc5 {(10:06)} 16. Bxc5 {
(01:03)} Qb8 {(02:35)} 17. Bd6 {(01:37)} Qa8 {(01:
11)} 18. Qc5+ {(00:12)} Bc6 {(03:10)} 19. Na4 1-0

[Event "42nd Olympiad Baku 2016 Women"]
[Site "Baku"]
[Date "2016.09.04"]
[Round "3.31"]
[White "Chumpitaz, Ann"]
[Black "Turunen, Tiina"]
[Result "1-0"]
[ECO "E97"]
[WhiteElo "2150"]
[BlackElo "1773"]
[Annotator ""]
[PlyCount "75"]
[EventDate "2016.??.??"]
[EventCountry "AZE"]
[SourceTitle "playchess.com"]
[Source "ChessBase"]
[WhiteTeam "Peru"]
[BlackTeam "Finland"]
[WhiteTeamCountry "PER"]
[BlackTeamCountry "FIN"]
[TimeControl "40/5400+30:1800+30"]

1. d4 {(00:00)} Nf6 {(00:00)} 2. c4 {(00:00)} g6 {(
00:14)} 3. Nc3 {(00:00)} Bg7 {(00:17)} 4. e4 {(00:05)} d6
{(00:22)} 5. Nf3 {(00:07)} O-O {(01:28)} 6. Be2 {(
00:23)} e5 {(00:29)} 7. O-O {(00:08)} Nc6 {(00:49)} 8. d5
{(00:05)} Ne7 {(00:41)} 9. Qc2 {(00:56)} Nd7 {(03:
29)} 10. Rd1 {(00:08)} f5 {(00:21)} 11. Ng5 {(00:22)} Nf6
{(00:29)} 12. c5 {(08:47)} a6 {(03:21)} 13. f3 {(
11:04)} h6 {(02:45)} 14. Ne6 {(00:18)} Bxe6 {(00:15)} 15.
dxe6 {(00:03)} Ne8 {(06:38)} 16. Qb3 {(01:33)} Rb8 {
(02:00)} 17. Be3 {(06:13)} Kh7 {(03:29)} 18. cxd6 {
(00:14)} Nxd6 {(02:00)} 19. Ba7 {(00:21)} Ra8 {(02:
56)} 20. Bc5 {(00:06)} Qb8 {(03:24)} 21. Rac1 {(04:37)} b6
{(03:33)} 22. Bxd6 {(02:15)} cxd6 {(00:30)} 23. Nd5 {
(00:23)} Nxd5 {(01:12)} 24. Qxd5 {(01:54)} Rd8 {(
02:42)} 25. Rc6 {(00:27)} Qb7 {(11:36)} 26. Rxd6 {(01:46)}
Qxd5 {(00:17)} 27. R1xd5 {(00:24)} Bf6 {(08:43)} 28. Rd7+
{(04:49)} Kg8 {(01:55)} 29. Bc4 {(00:20)} Kf8 {(00:
37)} 30. Rf7+ {(00:07)} Ke8 {(03:19)} 31. Rxf6 {(00:35)}
b5 {(00:17)} 32. Bb3 {(01:48)} fxe4 {(05:59)} 33. Rxg6 {
(00:56)} Rxd5 {(00:49)} 34. Bxd5 {(00:04)} Rd8 {(
00:16)} 35. Rg8+ {(00:04)} Ke7 {(00:14)} 36. Rxd8 {(00:05]
} Kxd8 {(00:25)} 37. fxe4 Ke7 {(00:25)} 38. g4 {(00:08)}
1-0

[Event "42nd Olympiad Baku 2016 Women"]
[Site "Baku"]
[Date "2016.09.04"]
[Round "3.26"]
[White "Ciuksyte, Dagne"]
[Black "Thorsteinsdottir, Gudlaug"]
[Result "1/2-1/2"]
[ECO "C42"]
[WhiteElo "2323"]
[BlackElo "2046"]
[Annotator ""]
[PlyCount "139"]
[EventDate "2016.??.??"]
[EventCountry "AZE"]
[SourceTitle "playchess.com"]
[Source "ChessBase"]
[WhiteTeam "England"]
[BlackTeam "Iceland"]
[WhiteTeamCountry "ENG"]
[BlackTeamCountry "ISL"]
[TimeControl "40/5400+30:1800+30"]

1. e4 {(00:00)} e5 {(00:00)} 2. Nf3 {(00:00)} Nf6 {
(00:03)} 3. Nxe5 {(00:27)} d6 {(00:19)} 4. Nf3 {(
00:09)} Nxe4 {(00:17)} 5. Nc3 {(00:24)} Nxc3 {(00:49)} 6.
dxc3 {(00:08)} Be7 {(00:30)} 7. Be3 {(00:26)} Nd7 {
(03:43)} 8. Qd2 {(12:35)} O-O {(04:26)} 9. O-O-O {(
07:41)} Nc5 {(06:04)} 10. Nd4 {(03:45)} c6 {(06:15)} 11.
f3 {(12:40)} Be6 {(15:19)} 12. Kb1 {(07:55)} Qa5 {(
14:49)} 13. Nxe6 {(04:06)} Nxe6 {(00:09)} 14. h4 {(05:07)}
b5 {(06:44)} 15. h5 {(01:29)} Rab8 {(00:48)} 16. Bd3 {
(06:30)} f5 {(03:50)} 17. Qe2 {(10:11)} b4 {(10:51]
} 18. Bb6 {(05:28)} Qe5 {(04:32)} 19. Qxe5 {(00:58)} dxe5
{(00:05)} 20. Bxa7 {(05:48)} Rb7 {(00:14)} 21. Bc4 {
(00:36)} Kf7 {(04:21)} 22. Bf2 {(01:16)} bxc3 {(00:
14)} 23. b3 {(00:28)} Rd8 {(00:45)} 24. Rxd8 {(01:25)}
Bxd8 {(00:04)} 25. Rd1 {(02:49)} Be7 {(00:18)} 26. Be1 {
(01:19)} Bb4 {(03:26)} 27. a3 {(00:13)} Bxa3 {(00:
40)} 28. Bxc3 {(00:07)} Kf6 {(01:58)} 29. g3 {(00:23)} Nd4
{(01:31)} 30. f4 {(01:50)} Bc5 {(03:58)} 31. Kb2 {(
04:14)} g5 {(00:45)} 32. fxe5+ {(01:49)} Kxe5 {(00:08)}
33. Re1+ {(00:11)} Kd6 {(00:24)} 34. Rd1 {(00:06)} Ke5 {
(00:06)} 35. Re1+ {(00:31)} Kd6 {(00:04)} 36. Re8 {
(00:24)} Re7 {(03:12)} 37. Rg8 {(01:09)} g4 {(02:
34)} 38. h6 {(00:59)} Ne6 {(02:43)} 39. Bd3 {(03:07)} Rf7
{(01:16)} 40. Be1 {(00:00)} Bd4+ {(00:00)} 41. Ka3 {
(12:35)} Be3 {(08:24)} 42. b4 {(00:12)} Bxh6 {(00:
35)} 43. b5 {(01:30)} cxb5 {(02:43)} 44. Bxb5 {(00:12)}
Be3 {(02:22)} 45. Bd3 {(03:19)} Bc5+ {(02:43)} 46. Kb3 {
(00:21)} Ke5 {(04:34)} 47. Re8 {(02:03)} Kd6 {(00:
57)} 48. Rg8 {(00:47)} Be3 {(00:37)} 49. Bb4+ {(01:27)}
Bc5 {(01:09)} 50. Be1 {(00:05)} Nd4+ {(01:10)} 51. Kc4 {
(00:09)} Nc6 {(00:20)} 52. Re8 {(05:23)} Ba7 {(01:
40)} 53. Bd2 {(01:24)} Ne5+ {(00:42)} 54. Kb5 {(00:11)}
Nxd3 {(01:34)} 55. cxd3 {(00:06)} Bf2 {(01:41)} 56. Bf4+ {
(00:14)} Kd7 {(01:08)} 57. Re2 {(01:06)} Bg1 {(01:
35)} 58. Rg2 {(01:25)} Ba7 {(01:21)} 59. Ra2 {(01:38)} Bg1
{(00:23)} 60. d4 {(02:15)} Ke6 {(01:13)} 61. Kc5 {(
00:25)} Rd7 {(01:13)} 62. Re2+ {(00:13)} Kf7 {(00:16)} 63.
Be5 {(01:58)} Ra7 {(00:58)} 64. Re1 {(02:47)} Bf2 {
(00:49)} 65. Re2 {(00:05)} Bg1 {(00:09)} 66. Re1 {(
01:11)} Bf2 {(00:04)} 67. Re2 {(01:06)} Bg1 {(00:12)} 68.
Re1 {(00:32)} Bf2 69. Rf1 Ra2 70. Kd6 1/2-1/2

[Event "42nd Olympiad Baku 2016 Women"]
[Site "Baku"]
[Date "2016.09.04"]
[Round "3.11"]
[White "Comas Colon, Rinelly M"]
[Black "Botez, Alexandra"]
[Result "1/2-1/2"]
[ECO "A15"]
[WhiteElo "1773"]
[BlackElo "2092"]
[Annotator ""]
[PlyCount "93"]
[EventDate "2016.??.??"]
[EventCountry "AZE"]
[SourceTitle "playchess.com"]
[Source "ChessBase"]
[WhiteTeam "Puerto Rico"]
[BlackTeam "Canada"]
[WhiteTeamCountry "PUR"]
[BlackTeamCountry "CAN"]
[TimeControl "40/5400+30:1800+30"]

1. c4 {(00:00)} Nf6 {(00:00)} 2. g3 {(00:00)} g6 {(
00:00)} 3. Bg2 {(00:15)} Bg7 {(00:00)} 4. Nc3 {(00:05)}
O-O {(00:00)} 5. d3 {(00:10)} d6 {(00:01)} 6. Nf3 {
(00:49)} e5 {(00:17)} 7. O-O {(00:29)} c6 {(00:10)}
8. Rb1 {(04:07)} a5 {(00:08)} 9. a3 {(00:05)} Re8 {
(00:09)} 10. b4 {(04:36)} axb4 {(00:06)} 11. axb4 {
(00:05)} d5 {(00:11)} 12. cxd5 {(08:17)} cxd5 {(00:
05)} 13. Nd2 {(06:01)} Be6 {(01:36)} 14. Nb3 {(04:00)} b6
{(02:52)} 15. b5 {(05:27)} Ra7 {(06:55)} 16. Bd2 {(
04:12)} d4 {(01:24)} 17. Ne4 {(01:44)} Nxe4 {(00:06)} 18.
Bxe4 {(00:55)} Bd5 {(00:19)} 19. Qc2 {(14:56)} Rc7 {
(08:18)} 20. Qb2 {(03:37)} Bxe4 {(03:20)} 21. dxe4 {
(00:06)} d3 {(08:05)} 22. exd3 {(14:30)} Qxd3 {(00:
13)} 23. Rfc1 {(01:42)} Rxc1+ {(02:34)} 24. Qxc1 {(00:07)}
Qxe4 {(00:42)} 25. Be3 {(01:28)} Nd7 {(03:23)} 26. Nd2 {
(01:34)} Qf5 {(09:20)} 27. Qc6 {(04:14)} Rb8 {(02:
11)} 28. Rd1 {(01:15)} Qd3 {(03:20)} 29. Qc4 {(04:19)}
Qxc4 {(06:11)} 30. Nxc4 {(00:06)} Rb7 {(00:33)} 31. Rd6 {
(03:43)} Bf8 {(00:56)} 32. Rc6 {(00:12)} Bc5 {(17:
35)} 33. Bxc5 {(02:54)} Nxc5 {(08:38)} 34. Nxe5 {(02:58)}
Ne6 {(12:16)} 35. Rd6 {(04:51)} Nc5 {(00:10)} 36. Nc4 {
(00:27)} Na4 {(02:06)} 37. Kg2 {(00:21)} Nc3 {(00:
35)} 38. Rxb6 {(01:21)} Rxb6 {(01:32)} 39. Nxb6 {(00:06)}
Nxb5 {(00:03)} 40. Nd7 {(00:00)} Kg7 {(00:00)} 41. h3 {
(02:49)} Nd4 {(00:31)} 42. g4 {(02:51)} f6 {(01:24]
} 43. Nc5 {(01:16)} Kf7 {(00:23)} 44. Kg3 {(00:52)} Ne6 {
(08:42)} 45. Ne4 {(01:34)} Ke7 {(00:18)} 46. h4 {(
01:58)} Ng7 {(01:03)} 47. Kf4 1/2-1/2

[Event "42nd Olympiad Baku 2016 Women"]
[Site "Baku"]
[Date "2016.09.04"]
[Round "3.19"]
[White "Cordero, Daniela"]
[Black "Zavala Galindo, Alejandra Beatri"]
[Result "1-0"]
[ECO "A43"]
[WhiteElo "1954"]
[BlackElo "1766"]
[Annotator ""]
[PlyCount "75"]
[EventDate "2016.??.??"]
[EventCountry "AZE"]
[SourceTitle "playchess.com"]
[Source "ChessBase"]
[WhiteTeam "Bolivia"]
[BlackTeam "El Salvador"]
[WhiteTeamCountry "BOL"]
[BlackTeamCountry "ESA"]
[TimeControl "40/5400+30:1800+30"]

1. d4 {(00:00)} Nf6 {(00:00)} 2. Nf3 {(00:00)} c5 {
(00:00)} 3. d5 {(00:00)} d6 {(00:29)} 4. Nc3 {(00:
00)} g6 {(00:47)} 5. e4 {(01:29)} Bg7 {(00:33)} 6. Bb5+ {
(02:15)} Nbd7 {(05:25)} 7. a4 {(00:16)} a6 {(01:00]
} 8. Be2 {(00:36)} O-O {(01:21)} 9. O-O {(00:17)} Rb8 {
(15:34)} 10. Nd2 {(06:56)} Qc7 {(10:06)} 11. f4 {(
03:42)} e5 {(03:17)} 12. dxe6 {(03:23)} fxe6 {(00:17)} 13.
Nc4 {(00:50)} Ne8 {(03:58)} 14. a5 {(16:07)} b5 {(
04:40)} 15. axb6 {(00:07)} Nxb6 {(00:11)} 16. Qd3 {(13:09]
} Nxc4 {(07:33)} 17. Qxc4 {(00:11)} Kh8 {(00:19)} 18. Ra4
{(08:08)} Rb6 {(11:06)} 19. Qa2 {(11:00)} Qc6 {(06:
32)} 20. Bd2 {(14:35)} Nc7 {(03:46)} 21. Bf3 {(08:44)} Qd7
{(06:15)} 22. Nd1 {(04:12)} Nb5 {(02:51)} 23. c3 {(
00:54)} Bh6 {(07:15)} 24. Bg4 {(02:28)} Qe7 {(01:58)} 25.
b4 {(02:19)} Bg7 {(03:33)} 26. Qc2 {(00:37)} Qb7 {(
03:29)} 27. Ne3 {(00:20)} Qc7 {(00:41)} 28. Nc4 {(00:21)}
Rc6 {(00:20)} 29. Qd3 {(00:32)} Rd8 {(00:41)} 30. Na5 {
(00:23)} Rb6 {(00:26)} 31. Qh3 {(00:28)} d5 {(00:
35)} 32. e5 {(00:23)} Bd7 {(00:31)} 33. Raa1 {(00:13)} Bc8
{(00:29)} 34. bxc5 {(00:39)} Qxc5+ {(00:28)} 35. Be3 {
(00:04)} d4 {(00:31)} 36. cxd4 {(01:12)} Nxd4 {(00:
29)} 37. Rfd1 {(00:34)} Rb8 {(00:33)} 38. Qh4 {(00:38)}
1-0

[Event "42nd Olympiad Baku 2016 Women"]
[Site "Baku"]
[Date "2016.09.04"]
[Round "3.29"]
[White "Cori T, Deysi"]
[Black "Nazarova, Anastasia"]
[Result "1-0"]
[ECO "A48"]
[WhiteElo "2402"]
[BlackElo "1897"]
[Annotator ""]
[PlyCount "145"]
[EventDate "2016.??.??"]
[EventCountry "AZE"]
[SourceTitle "playchess.com"]
[Source "ChessBase"]
[WhiteTeam "Peru"]
[BlackTeam "Finland"]
[WhiteTeamCountry "PER"]
[BlackTeamCountry "FIN"]
[TimeControl "40/5400+30:1800+30"]

1. d4 {(00:00)} Nf6 {(00:00)} 2. Nf3 {(00:00)} g6 {
(00:00)} 3. c3 {(00:58)} Bg7 {(00:05)} 4. Bf4 {(00:
11)} O-O {(00:41)} 5. e3 {(00:21)} d6 {(00:59)} 6. Be2 {
(01:03)} Nbd7 {(00:53)} 7. h3 {(00:27)} c6 {(01:12]
} 8. a4 {(00:42)} a5 {(02:04)} 9. Nbd2 {(01:00)} Re8 {
(01:06)} 10. Bh2 {(00:45)} e5 {(03:13)} 11. dxe5 {(
00:48)} Nxe5 {(00:48)} 12. Nxe5 {(00:45)} dxe5 {(00:06)}
13. Nc4 {(00:07)} Nd5 {(07:34)} 14. O-O {(02:06)} b5 {
(17:03)} 15. axb5 {(02:35)} cxb5 {(00:09)} 16. Nxa5 {
(05:13)} Rxa5 {(23:08)} 17. Rxa5 {(00:06)} Nxc3 {(
00:56)} 18. Qxd8 {(00:50)} Nxe2+ {(00:03)} 19. Kh1 {(00:
07)} Rxd8 {(00:04)} 20. Re1 {(14:39)} Be6 {(03:42)} 21.
Rxe2 {(14:27)} Rd1+ {(01:54)} 22. Bg1 {(00:02)} Bc4 {
(00:14)} 23. Rc2 {(02:52)} Rb1 {(04:32)} 24. f3 {(
04:13)} Bf8 {(06:18)} 25. Kh2 {(00:33)} e4 {(02:40)} 26.
Bf2 {(02:22)} Bd6+ {(04:12)} 27. Bg3 {(00:39)} Bxg3+ {
(00:27)} 28. Kxg3 {(00:03)} exf3 {(00:05)} 29. gxf3 {
(00:24)} Kg7 {(00:54)} 30. Rd2 {(01:40)} Rg1+ {(00:
24)} 31. Kf2 {(01:37)} Rh1 {(01:05)} 32. Kg2 {(00:12)} Re1
{(00:52)} 33. e4 {(02:10)} Rb1 {(02:41)} 34. Ra6 {(
01:10)} Bf1+ {(00:38)} 35. Kg3 {(00:16)} Bc4 {(00:05)} 36.
Rb6 {(01:03)} Rg1+ {(01:55)} 37. Kf2 {(02:06)} Rh1 {
(00:27)} 38. Kg2 {(00:02)} Rb1 {(00:28)} 39. Rc6 {(
05:48)} Bf1+ {(03:04)} 40. Kh2 {(00:00)} Bc4 {(00:00)} 41.
Rc5 {(01:35)} Rf1 {(08:31)} 42. Kg2 {(01:39)} Rb1 {
(00:09)} 43. h4 {(01:22)} h5 {(01:50)} 44. e5 {(02:
09)} Rc1 {(02:30)} 45. b4 {(03:31)} Rb1 {(01:39)} 46. Rd8
{(00:55)} g5 {(11:08)} 47. e6 {(02:56)} fxe6 {(01:
08)} 48. Rc7+ {(08:21)} Kf6 {(01:39)} 49. Rf8+ {(00:12)}
Kg6 {(00:54)} 50. Rg8+ {(00:04)} Kf5 {(00:44)} 51. Rf7+ {
(03:07)} Ke5 {(00:17)} 52. hxg5 {(00:24)} Rb2+ {(
01:56)} 53. Kg3 {(05:27)} Bf1 {(04:29)} 54. g6 {(00:10)}
Rg2+ {(00:29)} 55. Kh4 {(00:06)} Rh2+ {(00:26)} 56. Kg5 {
(00:03)} Rg2+ {(00:09)} 57. Kxh5 {(00:31)} Rh2+ {(
02:01)} 58. Kg5 {(00:03)} Rg2+ {(00:38)} 59. Kh6 {(00:02)}
Bd3 {(00:54)} 60. f4+ {(00:54)} Ke4 {(00:23)} 61. Re8 {
(01:43)} Kf3 {(01:38)} 62. Rxe6 {(00:16)} Bc4 {(00:
18)} 63. Ref6 {(00:12)} Rh2+ {(00:58)} 64. Kg7 {(00:06)}
Kg4 {(00:42)} 65. Rc7 {(00:22)} Ra2 {(01:16)} 66. Rf8 {
(00:59)} Ra6 {(00:38)} 67. f5 {(00:14)} Kg5 {(00:
20)} 68. f6 {(00:08)} Bd3 {(00:46)} 69. Rc5+ {(00:10)} Kg4
{(00:16)} 70. Rd8 {(00:12)} Bf5 {(01:57)} 71. Rd4+ {
(00:38)} Kg5 {(00:09)} 72. Rdd5 {(00:09)} Rxf6 {(
00:15)} 73. Rxf5+ {(00:05)} 1-0

[Event "42nd Olympiad Baku 2016 Women"]
[Site "Baku"]
[Date "2016.09.04"]
[Round "3.11"]
[White "Cosma, Elena-Luminita"]
[Black "Kazarian, Anna-Maja"]
[Result "1/2-1/2"]
[ECO "D43"]
[WhiteElo "2331"]
[BlackElo "2231"]
[Annotator ""]
[PlyCount "109"]
[EventDate "2016.??.??"]
[EventCountry "AZE"]
[SourceTitle "playchess.com"]
[Source "ChessBase"]
[WhiteTeam "Romania"]
[BlackTeam "Netherlands"]
[WhiteTeamCountry "ROU"]
[BlackTeamCountry "NED"]
[TimeControl "40/5400+30:1800+30"]

1. d4 {(00:00)} d5 {(00:00)} 2. c4 {(00:00)} c6 {(
00:00)} 3. Nf3 {(00:00)} Nf6 {(00:00)} 4. Nc3 {(00:00)} e6
{(00:05)} 5. Bg5 {(00:04)} Nbd7 {(00:26)} 6. cxd5 {
(00:15)} exd5 {(00:32)} 7. e3 {(00:11)} Be7 {(06:
10)} 8. Qc2 {(01:22)} O-O {(00:49)} 9. Bd3 {(00:12)} Re8 {
(02:04)} 10. O-O {(04:12)} Nf8 {(00:39)} 11. Rab1 {
(04:10)} a5 {(04:45)} 12. a3 {(07:02)} g6 {(00:29)}
13. b4 {(07:34)} axb4 {(00:09)} 14. axb4 {(00:04)} Ne6 {
(00:37)} 15. Bh4 {(04:57)} Ng7 {(02:43)} 16. b5 {(
05:06)} Bf5 {(02:55)} 17. Bxf5 {(05:59)} Nxf5 {(00:07)}
18. Bxf6 {(00:07)} Bxf6 {(00:06)} 19. bxc6 {(00:04)} bxc6
{(00:06)} 20. Na4 {(00:25)} Ra6 {(07:25)} 21. Nc5 {
(00:51)} Ra7 {(01:03)} 22. Nd3 {(03:03)} Qc7 {(07:
43)} 23. Rfc1 {(02:03)} Rc8 {(00:57)} 24. h3 {(06:12)} Nd6
{(02:51)} 25. Rb3 {(09:18)} Ne4 {(08:14)} 26. Nd2 {
(02:54)} Nxd2 {(03:42)} 27. Qxd2 {(00:05)} Be7 {(
01:24)} 28. Qc2 {(07:21)} Ba3 {(03:53)} 29. Rcb1 {(02:43)}
Bd6 {(00:23)} 30. Rc3 {(03:21)} Ra3 {(08:35)} 31. Rxa3 {
(05:34)} Bxa3 {(00:06)} 32. Qa4 {(06:47)} Bd6 {(00:
46)} 33. Qa6 {(02:26)} Kg7 {(03:09)} 34. Rc1 {(04:32)} Qd7
{(04:01)} 35. Kf1 {(03:49)} Rc7 {(02:10)} 36. Ke2 {
(02:39)} Qc8 {(01:05)} 37. Qxc8 {(00:07)} Rxc8 {(
00:03)} 38. Ra1 {(00:18)} Rc7 {(00:44)} 39. g4 {(01:06)}
Kf6 {(05:09)} 40. Kf3 {(00:00)} Ke6 {(00:00)} 41. Ra8 {
(01:07)} f6 {(04:23)} 42. Rh8 {(02:40)} Ra7 {(03:
03)} 43. Re8+ {(04:45)} Kd7 {(00:48)} 44. Rg8 {(00:25)}
Ke6 {(00:12)} 45. Rh8 {(00:18)} g5 {(07:08)} 46. Kg2 {
(04:43)} Ra3 {(03:02)} 47. Ne1 {(00:23)} Ra7 {(01:
15)} 48. Nf3 {(00:41)} c5 {(00:53)} 49. dxc5 {(00:39)}
Bxc5 {(00:04)} 50. Rc8 {(01:58)} Kd6 {(09:11)} 51. Rd8+ {
(04:18)} Rd7 {(02:00)} 52. Rc8 {(03:46)} Rc7 {(00:
19)} 53. Rd8+ {(00:45)} Rd7 {(00:05)} 54. Rc8 {(01:45)}
Rc7 {(00:15)} 55. Rd8+ {(01:04] Ke5} 1/2-1/2